 Dungeon Crawl Stone Soup version 0.23-a0-239-g84a5ed292d (webtiles) character file.

1449548 PikkenKukken the Axe Maniac (level 25, 237/237 HPs)
             Began as a Minotaur Monk on Sept 25, 2018.
             Was the Champion of Yredelemnul.
             Escaped with the Orb
             ... and 3 runes on Sept 26, 2018!
             The game lasted 04:00:53 (90166 turns).

PikkenKukken the Axe Maniac (Minotaur Monk)        Turns: 90166, Time: 04:00:54

Health: 237/237    AC: 37    Str: 27    XL:     25   Next: 48%
Magic:  35/35      EV: 17    Int: 11    God:    Yredelemnul [******]
Gold:   6250       SH:  2    Dex: 13    Spells: 24/24 levels left

rFire    + + .     SeeInvis +   E - +9 executioner's axe (vamp)
rCold    + . .     Gourm    .   (shield currently unavailable)
rNeg     + + +     Faith    .   q - +3 gold dragon scales
rPois    +         Spirit   .   H - +2 hat {Int+3}
rElec    +         Reflect  +   M - scarf {cloud immunity}
rCorr    +         Harm     .   N - +1 pair of gloves of the Original Sin {rElec Regen+ rCorr Int-2}
MR       ++...                  a - +2 pair of boots
Stlth    ..........             L - +2 amulet of reflection
HPRegen  0.89/turn              h - ring of Ciymufu {rElec MR+ Int+3 Dex+4}
MPRegen  0.24/turn              l - ring "Baacot" {rPois rF+ rN+++ Dex-5 Stlth+}

@: no status effects
A: retaliatory headbutt, horns 2, talons 2, see invisible, electricity
resistance
0: Orb of Zot
}: 3/15 runes: decaying, serpentine, silver
a: Recall Undead Slaves, Injury Mirror, Animate Dead, Drain Life, Enslave Soul,
Renounce Religion


You escaped.
You worshipped Yredelemnul.
Yredelemnul was exalted by your worship.
You were very full.

You visited 10 branches of the dungeon, and saw 50 of its levels.
You visited the Abyss 1 time.
You also visited: Bailey and Volcano.

You collected 8622 gold pieces.
You spent 2372 gold pieces at shops.

Inventory:

Hand Weapons
 E - a +9 vampiric executioner's axe (weapon)
Armour
 a - a +2 pair of boots (worn)
 q - +3 gold dragon scales (worn)
 H - a +2 hat of intelligence (worn)
 M - a scarf of cloud immunity (worn)
 N - the +1 pair of gloves of the Original Sin (worn) {rElec Regen+ rCorr Int-2}
   (You found it on level 5 of the Vaults)

   It affects your intelligence (-2).
   It insulates you from electricity.
   It increases your rate of regeneration.
   It provides partial protection from all sources of acid and corrosion.
 W - the +1 pair of gloves of the Teacher {rN+ MR++ Int+2 Dex-3}
   (You found it in a volcano)

   It affects your intelligence (+2).
   It affects your dexterity (-3).
   It protects you from negative energy.
   It affects your resistance to hostile enchantments.
Jewellery
 h - the ring of Ciymufu (left hand) {rElec MR+ Int+3 Dex+4}
   (You acquired it on level 1 of the Depths)

   [ring of intelligence]

   It affects your intelligence (+3).
   It affects your dexterity (+4).
   It insulates you from electricity.
   It affects your resistance to hostile enchantments.
 l - the ring "Baacot" (right hand) {rPois rF+ rN+++ Dex-5 Stlth+}
   (You found it on level 5 of the Depths)

   [ring of stealth]

   It affects your dexterity (-5).
   It protects you from fire.
   It protects you from poison.
   It renders you almost immune to negative energy.
   It makes you more stealthy.
 K - an uncursed ring of positive energy
 L - a +2 amulet of reflection (around neck)
 U - an uncursed ring of protection from cold
 X - an uncursed ring of protection from fire
Wands
 y - a wand of clouds (5)
 C - a wand of disintegration (14)
 G - a wand of paralysis (54)
 I - a wand of digging (21)
 O - a wand of flame (52)
 Q - a wand of iceblast (53)
 R - a wand of random effects (17)
 S - a wand of acid (29)
 T - a wand of scattershot (10)
Scrolls
 d - 10 scrolls of blinking
 g - 10 scrolls of fog
 o - 26 scrolls of remove curse
 p - 13 scrolls of amnesia
 r - 8 scrolls of fear
 t - 13 scrolls of teleportation
 v - 13 scrolls of identify
 x - 2 scrolls of summoning
 F - a scroll of brand weapon
 Y - 4 scrolls of magic mapping
Potions
 e - a potion of cancellation
 f - 10 potions of flight
 i - 4 potions of heal wounds
 j - 14 potions of curing
 m - 7 potions of brilliance
 n - 5 potions of haste
 s - 4 potions of mutation
 w - 4 potions of invisibility
 z - 7 potions of ambrosia
 B - a potion of magic
 D - a potion of agility
 P - a potion of resistance
 V - a potion of berserk rage
Miscellaneous
 J - 4 boxes of beasts
Comestibles
 c - 48 rations


   Skills:
 + Level 21.8 Fighting
 O Level 27 Axes
 * Level 25.0 Armour
 + Level 20.3 Dodging
 - Level 1.5 Stealth
 + Level 18.5 Invocations
 - Level 5.7 Evocations


You had 24 spell levels left.
You didn't know any spells.
Your spell library contained the following spells:

 Spells                   Type           Power        Failure   Level  Hunger
 Animate Skeleton         Necr           N/A          95%         1    ##.....
 Apportation              Tloc           #.....       95%         1    ##.....
 Beastly Appendage        Tmut           #.....       95%         1    ##.....
 Confusing Touch          Hex            #.....       95%         1    ##.....
 Flame Tongue             Conj/Fire      #....        95%         1    ##.....
 Freeze                   Ice            #...         95%         1    ##.....
 Magic Dart               Conj           #...         95%         1    ##.....
 Pain                     Necr           #...         95%         1    ##.....
 Shock                    Conj/Air       #...         95%         1    ##.....
 Sting                    Conj/Pois      #...         95%         1    ##.....
 Summon Butterflies       Summ           #.......     95%         1    ##.....
 Summon Small Mammal      Summ           #...         95%         1    ##.....
 Blink                    Tloc           N/A          99%         2    ###....
 Call Imp                 Summ           #.......     99%         2    ###....
 Corpse Rot               Necr           N/A          99%         2    ###....
 Passwall                 Tmut/Erth      #.......     99%         2    ###....
 Poisonous Vapours        Pois/Air       #.....       99%         2    ###....
 Searing Ray              Conj           #.....       99%         2    ###....
 Slow                     Hex            #.......     99%         2    ###....
 Sticks to Snakes         Tmut           #.......     99%         2    ###....
 Sublimation of Blood     Necr           #.........   99%         2    ###....
 Swiftness                Chrm/Air       #.......     99%         2    ###....
 Throw Flame              Conj/Fire      #.....       99%         2    ###....
 Throw Frost              Conj/Ice       #.....       99%         2    ###....
 Call Canine Familiar     Summ           #.......     100%        3    ####...
 Conjure Flame            Conj/Fire      #.......     100%        3    ####...
 Ignite Poison            Fire/Tmut/Pois #.......     100%        3    ####...
 Inner Flame              Hex/Fire       #.......     100%        3    ####...
 Lesser Beckoning         Tloc           #.........   100%        3    ####...
 Mephitic Cloud           Conj/Pois/Air  #.......     100%        3    ####...
 Ozocubu's Armour         Chrm/Ice       #.......     100%        3    ####...
 Recall                   Summ/Tloc      N/A          100%        3    ####...
 Regeneration             Chrm/Necr      #.........   100%        3    ####...
 Spider Form              Tmut/Pois      #.........   100%        3    ####...
 Static Discharge         Conj/Air       #.......     100%        3    ####...
 Stone Arrow              Conj/Erth      #.....       100%        3    ####...
 Summon Guardian Golem    Hex/Summ       #.......     100%        3    ####...
 Tukima's Dance           Hex            #.......     100%        3    ####...
 Vampiric Draining        Necr           #.........   100%        3    ####...
 Airstrike                Air            #.........   100%        4    #####..
 Animate Dead             Necr           N/A          100%        4    #####..
 Cause Fear               Hex            #.........   100%        4    #####..
 Force Lance              Conj/Tloc      #.......     100%        4    #####..
 Fulminant Prism          Conj/Hex       #.........   100%        4    #####..
 Ice Form                 Ice/Tmut       #.......     100%        4    #####..
 Leda's Liquefaction      Hex/Erth       #.........   100%        4    #####..
 Olgreb's Toxic Radiance  Pois           #.......     100%        4    #####..
 Petrify                  Tmut/Erth      #.......     100%        4    #####..
 Sticky Flame             Conj/Fire      #.......     100%        4    #####..
 Summon Ice Beast         Ice/Summ       #.......     100%        4    #####..
 Summon Lightning Spire   Summ/Air       #.......     100%        4    #####..
 Throw Icicle             Conj/Ice       #.......     100%        4    #####..
 Alistair's Intoxication  Tmut/Pois      #.......     100%        5    ######.
 Aura of Abjuration       Summ           #.........   100%        5    ######.
 Blade Hands              Tmut           #.........   100%        5    ######.
 Bolt of Draining         Conj/Necr      #.........   100%        5    ######.
 Bolt of Magma            Conj/Fire/Erth #.........   100%        5    ######.
 Borgnjor's Vile Clutch   Necr/Erth      #.........   100%        5    ######.
 Fireball                 Conj/Fire      #.........   100%        5    ######.
 Irradiate                Conj/Tmut      #.........   100%        5    ######.
 Iskenderun's Battlesphe  Conj/Chrm      #.......     100%        5    ######.
 Lee's Rapid Deconstruct  Erth           #.........   100%        5    ######.
 Lightning Bolt           Conj/Air       #.........   100%        5    ######.
 Metabolic Englaciation   Hex/Ice        #.........   100%        5    ######.
 Silence                  Hex/Air        #.........   100%        5    ######.
 Summon Demon             Summ           #.........   100%        5    ######.
 Summon Forest            Summ/Tloc      #.........   100%        5    ######.
 Summon Mana Viper        Hex/Summ       #.......     100%        5    ######.
 Venom Bolt               Conj/Pois      #.........   100%        5    ######.
 Yara's Violent Unravell  Hex/Tmut       #.........   100%        5    ######.
 Bolt of Cold             Conj/Ice       #.........   100%        6    #######
 Darkness                 Hex            #.........   100%        6    #######
 Death Channel            Necr           #.........   100%        6    #######
 Deflect Missiles         Chrm/Air       #.........   100%        6    #######
 Freezing Cloud           Conj/Ice/Air   #.........   100%        6    #######
 Hydra Form               Tmut           #.........   100%        6    #######
 Invisibility             Hex            #.......     100%        6    #######
 Iron Shot                Conj/Erth      #.........   100%        6    #######
 Ozocubu's Refrigeration  Ice            #.........   100%        6    #######
 Shadow Creatures         Summ           N/A          100%        6    #######
 Simulacrum               Ice/Necr       #.........   100%        6    #######
 Orb of Destruction       Conj           #.........   100%        7    #######
 Spellforged Servitor     Conj/Summ      #.........   100%        7    #######
 Summon Hydra             Summ           #.........   100%        7    #######
 Controlled Blink         Tloc           N/A          100%        8    #######
 Discord                  Hex            #.........   100%        8    #######
 Passage of Golubria      Tloc           Unusable     N/A         4    N/A

Dungeon Overview and Level Annotations

Branches:
Dungeon (15/15)            Temple (1/1) D:5            Lair (6/6) D:10
  Swamp (4/4) Lair:4        Snake (4/4) Lair:3        Slime (0/5) Lair:6
    Orc (2/2) D:11            Elf (3/3) Orc:2        Vaults (5/5) D:13
  Crypt (0/3) Vaults:3     Depths (5/5) D:15            Zot (5/5) Depths:5

Altars:
Ashenzari
Cheibriados
Dithmenos
Elyvilon
Gozag
Kikubaaqudgha
Makhleb
Nemelex Xobeh
Okawaru
Qazlal
Ru
Sif Muna
Vehumet
Yredelemnul
The Shining One
Beogh
Jiyva

Shops:
D:6 :   D:11 (   Orc:1 %   Orc:2 (*!(   Elf:1 !   Elf:2 (   Snake:2 *?
Vaults:1 %   Vaults:3 %?(   Vaults:4 (   Vaults:5 !%!%???%!   Depths:3 %![*

Portals:
Hell: Depths:1 Depths:2 Depths:3 Depths:4 Depths:5
Abyss: Depths:2 Depths:4 Depths:5
Pandemonium: Depths:1 Depths:3 Depths:4
Ziggurat: Depths:4
Trove: Elf:3 (give +6 demon trident)

Annotations:
D:8 2 runed doors, exclusion: obsidian statue
D:10 exclusion: ice statue
D:14 3 runed doors, Astran's ghost, adept GrBe
Lair:1 exclusion: 2 oklob plants
Swamp:3 3 runed doors, GordonOverkill's ghost, adept DrAK
Snake:2 3 runed doors, Lerchoono's ghost, journeyman DDFi
Snake:3 1 runed door, tidbits's ghost, journeyman GnSu
Depths:1 1 runed door
Zot:4 3 runed doors, Popraera's ghost, legendary MfSk


Innate Abilities, Weirdness & Mutations

You reflexively headbutt those who attack you in melee.
You have a pair of horns on your head.
You have razor-sharp toenails.
You have supernaturally acute eyesight. (SInv)
You are resistant to electric shocks. (rElec)


Message History

A rock wall.
This square is covered in magical glow.
The rock shatters into small pieces.
There is a stone staircase leading up here.
You climb upwards.
There is a stone staircase leading down here.
Evoke which item? (* to show all) (? for menu, Esc to quit)
Aiming: Dig
Press: ? - help, Shift-Dir - straight line A rock wall.
This square is covered in magical glow.
The rock shatters into small pieces.
Evoke which item? (* to show all) (? for menu, Esc to quit)
Aiming: Dig
Press: ? - help, Shift-Dir - straight line A rock wall.
This square is covered in magical glow.
The rock shatters into small pieces.
There is a staircase leading out of the dungeon here.
You have escaped!

##.## ####.......#### #..
######..##########.####### #..
................##.# #..
................##.# #..
###############....#############>
# ##.......## #..................
###.........###....#############.
##...........##....# #.
...............#@..# #.
##...........##....# ##
###.........###....# #
##.......## #....#
###############....#
...................#
.................###
#######..........# ############


There were no monsters in sight!

Vanquished Creatures
  7 orbs of fire
  3 ancient liches
  2 Killer Klowns
  A caustic shrike (Depths:5)
  3 curse toes
  2 golden dragons
  3 electric golems (Zot:5)
  11 tentacled monstrosities
  Rupert (D:13)
  21 Orb Guardians
  A lich (Abyss:3)
  A titan (Depths:3)
  An acid blob (Depths:2)
  7 quicksilver dragons
  4 death cobs
  3 ancient champions
  2 sphinxes
  6 shadow dragons
  2 tentacled starspawn (Abyss:3)
  3 tengu reavers
  6 storm dragons
  A revenant (Abyss:3)
  A nagaraja (Snake:4)
  A draconian monk (Zot:2)
  3 azure jellies (Depths:2)
  6 deep elf sorcerers
  4 frost giants
  5 draconian scorchers
  A fire giant (Depths:2)
  2 iron dragons (Vaults:5)
  A draconian knight (Zot:2)
  2 orc warlords (Depths:3)
  6 vault wardens
  2 deep elf elementalists
  14 very ugly things
  2 draconian shifters (Zot:3)
  An angel (Abyss:3)
  A draconian stormcaller (Zot:3)
  8 ironheart preservers
  2 draconian annihilators
  10 stone giants
  An entropy weaver (shapeshifter) (Vaults:5)
  5 black draconians
  2 vampire knights
  A deep elf annihilator (Elf:3)
  6 green draconians (Zot:2)
  4 red draconians
  4 yellow draconians
  5 white draconians
  3 deep elf demonologists
  8 purple draconians
  9 ettins
  A blizzard demon (Depths:1)
  6 spark wasps
  A deep elf death mage (Depths:5)
  2 eidola
  8 death oozes (Depths:2)
  9 yaktaur captains
  6 fire dragons
  9 great orbs of eyes
  4 deep elf high priests
  Harold (D:11)
  A quicksilver dragon zombie (Abyss:3)
  14 vault guards
  A rakshasa (Abyss:3)
  5 naga warriors
  4 ice dragons
  A spriggan air mage (Depths:2)
  5 centaur warriors
  3 anacondas
  6 hydras
  4 ogre magi
  16 dancing weapons
  2 alligators
  4 small abominations
  2 tengu warriors (D:15)
  10 two-headed ogres
  A satyr (Abyss:3)
  5 orc high priests
  A deep troll earth mage (Depths:5)
  3 deep troll shamans
  3 thrashing horrors (Abyss:3)
  A shock serpent (shapeshifter) (Abyss:3)
  3 death yaks (Lair:3)
  2 naga sharpshooters
  2 soul eaters
  3 vampire magi (Depths:3)
  4 spriggan berserkers
  Urug (D:11)
  8 deep elf knights
  2 hell knights
  4 shock serpents
  A titan skeleton (Abyss:3)
  An iron troll (Depths:3)
  A wretched star (Abyss:3)
  A shadow wraith (Vaults:4)
  4 sixfirhies
  A skeletal warrior (Depths:5)
  2 unseen horrors
  A sea snake (shapeshifter) (Depths:3)
  12 deep trolls
  3 swamp dragons
  2 flayed ghosts
  13 starcursed masses (Abyss:3)
  A swamp dragon (shapeshifter) (Vaults:3)
  A glowing orange brain (Depths:4)
  9 deep elf archers
  2 harpies (Depths:5)
  6 wizards
  5 ironbrand convokers
  2 necromancers
  25 deep elf magi
  2 mana vipers
  5 wolf spiders
  6 orc knights
  A salamander (Snake:4)
  20 ugly things
  A manticore (Lair:6)
  21 slime creatures
  7 cyclopes
  A worldbinder (Abyss:3)
  22 moths of wrath
  A salamander (shapeshifter) (Vaults:4)
  11 large abominations
  A vault sentinel (Vaults:5)
  5 toenail golems (Volcano)
  11 elephants
  9 black mambas
  7 smoke demons
  6 naga magi
  14 spiny frogs
  3 gargoyles (Depths:3)
  2 orange demons
  A rime drake (shapeshifter) (Depths:1)
  3 freezing wraiths
  3 komodo dragons
  40 yaktaurs
  4 rime drakes
  2 tormentors
  A redback zombie (D:15)
  4 yaktaur zombies
  4 hellwings
  A hydra zombie (Abyss:3)
  2 ancient zymes (Abyss:3)
  4 trolls
  2 tyrant leeches
  A red devil (Zot:2)
  2 tengu conjurers
  16 blink frogs
  5 hornets
  Grinder (D:3)
  7 polar bears
  Prince Ribbit (D:7)
  9 raiju
  A blink frog (shapeshifter) (Vaults:1)
  A hippogriff (shapeshifter) (Depths:3)
  A dream sheep (shapeshifter) (Depths:5)
  8 hippogriffs
  2 bog bodies
  3 air elementals
  4 water elementals (Depths:1)
  A shadow (D:12)
  A spriggan (Depths:3)
  3 vampires
  A ynoxinul (Abyss:3)
  A wraith (Vaults:3)
  2 hungry ghosts
  2 basilisks
  A hog (Snake:4)
  2 chaos spawn (Depths:2)
  A steam dragon (Lair:6)
  4 wyverns
  12 vampire mosquitoes
  20 yaks
  16 nagas
  A swamp worm (shapeshifter) (Depths:5)
  2 acid dragons
  A deep troll zombie (Vaults:4)
  4 wargs
  An insubstantial wisp (Swamp:2)
  A naga (shapeshifter) (Vaults:2)
  7 swamp worms
  6 water moccasins
  A deep troll skeleton (Vaults:3)
  8 hell hounds
  9 porcupines
  4 swamp drakes
  7 black bears
  An ice beast (D:13)
  18 orc warriors
  An ettin simulacrum (Abyss:3)
  21 ogres
  2 eyes of draining
  2 necrophages
  4 sky beasts
  An eye of draining (shapeshifter) (Vaults:2)
  3 boggarts (Vaults:1)
  3 phantoms
  28 wolves
  14 crocodiles
  4 centaurs
  A big kobold (D:12)
  7 gnoll sergeants (Bailey)
  15 bullfrogs
  An earth elemental (Elf:1)
  4 scorpions
  A wyvern skeleton (D:14)
  A water moccasin skeleton (D:8)
  10 killer bees
  2 spectral wolves (Depths:3)
  A wight (Vaults:3)
  An electric eel (Lair:1)
  A howler monkey (D:6)
  12 crimson imps
  2 bullfrog zombies
  A lava snake (D:14)
  4 hounds
  3 centaur skeletons
  16 orc priests
  9 jellies
  6 gnoll shamans (Bailey)
  2 bullfrog skeletons (D:11)
  An iron imp (Abyss:3)
  3 iguanas
  15 orc wizards
  11 worker ants
  5 hell rats
  A howler monkey skeleton (D:9)
  8 adders
  14 gnolls
  3 shadow imps
  A white imp (Abyss:3)
  An ufetubus (D:6)
  2 oozes
  An adder zombie (D:9)
  An adder skeleton (D:7)
  3 worms
  2 dart slugs (D:1)
  7 leopard geckos
  94 orcs
  5 bats (D:1)
  3 giant cockroaches
  7 goblins
  2 hobgoblins
  9 jackals
  2 quokkas
  5 frilled lizards
  A jackal zombie (D:9)
  12 kobolds
  An orc zombie (Depths:5)
  3 quokka skeletons
  13 rats (D:1)
  A bush (Lair:3)
  A butterfly (Lair:4)
  A crawling corpse (Vaults:5)
  A fire vortex (D:14)
  5 fungi
  A plant (Lair:5)
  2 starspawn tentacles (Abyss:3)
1330 creatures vanquished.

Vanquished Creatures (collateral kills)
  An orb of fire (Zot:4)
  the Lernaean hydra (Swamp:4)
  A Killer Klown (Zot:5)
  5 golden dragons
  2 caustic shrikes (Depths:5)
  An electric golem (Zot:3)
  8 tentacled monstrosities
  5 Orb Guardians
  2 liches
  2 titans
  3 deep elf master archers (Elf:3)
  6 quicksilver dragons
  5 deep elf blademasters
  2 death cobs
  An Executioner (D:15)
  4 sphinxes
  A thorn hunter (Swamp:3)
  Kirke (Snake:4)
  Donald (Elf:2)
  8 nagarajas
  4 tengu reavers (Vaults:5)
  4 shadow dragons
  3 draconian monks
  8 storm dragons
  3 fire giants
  An azure jelly (Depths:2)
  9 frost giants
  5 deep elf sorcerers
  A draconian knight (Zot:2)
  2 draconian scorchers
  7 vault wardens
  2 iron dragons
  Louise (D:15)
  2 draconian shifters
  A war gargoyle (Vaults:5)
  5 draconian annihilators
  A spriggan defender (Depths:4)
  5 very ugly things
  3 draconian stormcallers
  5 ironheart preservers
  2 vampire knights
  8 stone giants
  7 green draconians
  A deep elf demonologist (Elf:3)
  10 black draconians
  5 yellow draconians
  3 deep elf annihilators (Elf:3)
  A white draconian (Zot:1)
  A red draconian (Zot:2)
  12 purple draconians
  6 deep elf death magi
  4 ettins
  2 spark wasps
  A death ooze (Depths:2)
  4 fire dragons
  Josephine (D:13)
  2 deep elf high priests
  10 yaktaur captains
  19 vault guards
  5 ice dragons
  2 rakshasas (Depths:3)
  Erolcha (D:12)
  9 naga warriors
  20 hydras
  A ghost crab (Swamp:1)
  3 great orbs of eyes
  A death knight (Depths:5)
  8 two-headed ogres
  3 centaur warriors
  18 dancing weapons
  5 anacondas
  2 ogre magi
  8 alligators
  2 deep troll earth magi (Depths:4)
  A deep troll shaman (Depths:4)
  A vampire mage (Depths:3)
  4 spriggan berserkers
  2 tengu warriors
  17 naga sharpshooters
  2 orc high priests (Orc:2)
  7 shock serpents
  12 deep elf knights
  4 small abominations
  2 shadow wraiths (Vaults:5)
  3 hell knights (Depths:3)
  A sea snake (shapeshifter) (Vaults:5)
  A wretched star (Abyss:3)
  2 skeletal warriors (Depths:5)
  2 spriggan druids (Swamp:3)
  3 unseen horrors
  5 sea snakes (Snake:3)
  5 flayed ghosts
  A wizard (Vaults:3)
  4 naga ritualists
  9 deep trolls
  9 swamp dragons
  6 orc knights
  3 ironbrand convokers
  3 phantasmal warriors
  15 deep elf archers
  2 necromancers
  48 deep elf magi
  A harpy (Depths:5)
  An orb spider (shapeshifter) (Vaults:2)
  4 mana vipers
  3 orc sorcerers
  5 salamanders
  24 ugly things
  3 cyclopes
  A manticore (Lair:6)
  3 elephants (Lair:6)
  A guardian serpent (shapeshifter) (Vaults:5)
  A guardian serpent (Snake:4)
  20 naga magi
  19 moths of wrath
  22 black mambas
  4 vault sentinels
  3 rime drakes
  12 spiny frogs
  A centaur skeleton (D:13)
  A yaktaur (shapeshifter) (Vaults:5)
  43 yaktaurs
  A kobold demonologist (D:11)
  A tengu conjurer (Depths:5)
  A freezing wraith (Vaults:3)
  A komodo dragon (Lair:6)
  An ice devil (Depths:2)
  3 polar bears (Lair:6)
  5 trolls
  A guardian mummy (Elf:3)
  A red devil (D:14)
  6 tyrant leeches
  6 hornets
  A tengu simulacrum (Vaults:3)
  A queen bee (shapeshifter) (Vaults:1)
  4 hippogriffs
  5 bog bodies
  2 raiju (Lair:6)
  A frost giant simulacrum (Vaults:4)
  9 blink frogs
  26 slime creatures
  3 spriggans
  A ynoxinul (Depths:4)
  3 air elementals
  A shadow (Swamp:3)
  A redback (shapeshifter) (Vaults:5)
  A vampire (Depths:3)
  8 water elementals (Depths:1)
  6 wraiths
  5 wyverns
  13 yaks
  2 large abominations (Depths:2)
  4 fire elementals (D:13)
  4 hogs (Snake:4)
  10 basilisks
  2 steam dragons (Lair:6)
  8 vampire mosquitoes
  A chaos spawn (Depths:2)
  12 swamp worms
  3 wargs
  27 nagas
  14 insubstantial wisps
  6 water moccasins
  2 acid dragons
  5 floating eyes (Depths:5)
  7 hell hounds
  A porcupine (Lair:5)
  15 orc warriors
  A slave (Depths:3)
  9 black bears
  8 swamp drakes
  An ice beast (D:12)
  A hornet zombie (Swamp:1)
  2 phantoms
  A boggart (Vaults:1)
  26 wolves
  2 centaurs (D:12)
  7 ogres
  3 crocodiles
  A human zombie (Vaults:3)
  3 bullfrogs
  4 earth elementals
  A gnoll sergeant (Bailey)
  2 scorpions
  4 killer bees (D:13)
  An electric eel (Lair:6)
  A lava snake (D:14)
  A jelly (D:15)
  A quasit (Depths:3)
  12 orc priests
  11 orc wizards
  4 hell rats
  2 gnolls (Bailey)
  15 orcs
  3 jackals (D:11)
  A kobold (D:12)
  2 briar patches (Swamp:3)
  A butterfly (Lair:6)
  4 crawling corpses
  13 fungi
  16 plants
1070 creatures vanquished.

Vanquished Creatures (others)
  3 profane servitors
  7 bone dragons
  A spectral angel (Zot:5)
  A draconian scorcher (Depths:5)
  7 ghouls
  A vault warden (Vaults:3)
  A Killer Klown zombie (Zot:5)
  A spectral orc (Elf:3)
  13 vampire knights
  2 very ugly thing zombies (Vaults:5)
  A spectral fire giant (Depths:4)
  2 spectral elves
  A quicksilver dragon zombie (Zot:3)
  An ice dragon (D:15)
  2 deep elf knights
  3 storm dragon zombies
  A spectral efreet (Snake:4)
  7 skeletal warriors
  3 shadow dragon zombies
  8 flayed ghosts
  A deep elf archer (Elf:1)
  An orc knight (Vaults:3)
  A golden dragon zombie (Vaults:5)
  9 phantasmal warriors
  3 deep elf magi
  A sphinx zombie (Depths:4)
  2 ugly thing zombies
  2 frost giant zombies (Vaults:5)
  A draconian skeleton (Zot:3)
  2 fire giant zombies
  2 draconian zombies
  A moth of wrath (Zot:5)
  A smoke demon (Zot:5)
  A yellow draconian zombie (Zot:4)
  A black draconian zombie (Zot:2)
  3 white draconian zombies
  2 green draconian zombies (Zot:1)
  A sea snake zombie (Snake:3)
  5 purple draconian zombies
  2 hydra zombies (Lair:6)
  3 ghoul skeletons
  10 moth of wrath zombies
  A guardian serpent zombie (Snake:4)
  An alligator zombie (Lair:6)
  8 vampires
  2 flying skulls
  2 black mamba zombies
  A spectral troll (Orc:2)
  4 wraiths
  A basilisk (Lair:6)
  A swamp worm (Swamp:1)
  3 deep troll zombies
  A naga (Snake:1)
  A spiny frog zombie (Lair:5)
  14 human zombies
  A two-headed ogre zombie (Depths:1)
  2 orc warriors (Elf:1)
  A swamp drake (Swamp:4)
  5 elephant zombies
  13 elf zombies
  A hornet zombie (Swamp:3)
  A swamp dragon zombie (Swamp:1)
  4 blink frog zombies
  A boggart (Depths:3)
  4 vampire mosquito zombies
  A rime drake zombie (Lair:6)
  A yaktaur skeleton (Vaults:1)
  8 yaktaur zombies
  A cyclops zombie (Vaults:2)
  A hell hound zombie (D:13)
  5 water moccasin zombies
  2 polar bear zombies (Lair:6)
  4 yak zombies
  2 warg zombies (Lair:6)
  A raiju zombie (Lair:6)
  A troll zombie (Orc:2)
  2 yak skeletons (Lair:6)
  3 wights
  5 wolf zombies (Lair:6)
  3 wolf skeletons (Lair:6)
  A centaur zombie (D:12)
  2 basilisk zombies (Lair:6)
  4 black bear zombies (Lair:6)
  A black bear skeleton (Lair:6)
  A porcupine zombie (Lair:1)
  2 orc wizards
  5 killer bee zombies
  7 naga zombies
  2 ogre zombies
  2 acid dragon zombies
  A crocodile zombie (Lair:6)
  A naga skeleton (Snake:4)
  5 hell rat zombies
  A swamp drake zombie (Swamp:4)
  3 orcs (Elf:1)
  2 jackal zombies (D:9)
  A kobold zombie (D:12)
  22 orc zombies
  A crawling corpse (Elf:1)
  2 fire vortices (D:14)
  7 fungi
  29 plants
  2 starspawn tentacles (Abyss:3)
338 creatures vanquished.

Grand Total: 2738 creatures vanquished

Notes
Turn   | Place    | Note
-------+----------+-------------------------------------------
     0 | D:1      | PikkenKukken the Minotaur Monk began the quest for the Orb.
     0 | D:1      | Reached XP level 1. HP: 19/19 MP: 0/0
    50 | D:1      | Reached XP level 2. HP: 13/27 MP: 1/1
   225 | D:1      | Reached skill level 4 in Axes
   343 | D:1      | Reached skill level 1 in Armour
   459 | D:1      | Reached XP level 3. HP: 32/33 MP: 2/2
  1795 | D:3      | Noticed Grinder
  1796 | D:3      | Paralysed by Grinder for 3 turns
  1814 | D:3      | Paralysed by Grinder for 3 turns
  1818 | D:3      | Killed Grinder
  1818 | D:3      | Reached skill level 5 in Axes
  1818 | D:3      | Reached XP level 4. HP: 7/41 MP: 3/3
  1818 | D:3      | Reached XP level 5. HP: 9/47 MP: 4/4
  2081 | D:3      | Reached XP level 6. HP: 55/55 MP: 5/5
  2821 | D:4      | Reached skill level 5 in Fighting
  2821 | D:4      | Reached skill level 6 in Axes
  3299 | D:5      | Entered Level 5 of the Dungeon
  3557 | D:5      | Noticed a sky beast
  3587 | D:5      | Killed a sky beast
  3587 | D:5      | Reached XP level 7. HP: 27/61 MP: 6/6
  3783 | D:5      | Reached skill level 5 in Dodging
  3805 | D:5      | Reached skill level 7 in Axes
  3993 | D:5      | Found a staircase to the Ecumenical Temple.
  4002 | Temple   | Entered the Ecumenical Temple
  4035 | Temple   | Became a worshipper of Yredelemnul the Dark
  4035 | Temple   | Reached * piety under Yredelemnul
  4035 | Temple   | Reached ** piety under Yredelemnul
  4377 | D:6      | Reached skill level 1 in Invocations
  4478 | D:6      | Reached skill level 1 in Evocations
  4478 | D:6      | Reached XP level 8. HP: 69/70 MP: 7/7
  4604 | D:6      | Reached skill level 8 in Axes
  4836 | D:6      | Found Nesaokag's Book Shop.
  5029 | D:6      | Reached skill level 5 in Armour
  5721 | D:7      | Noticed Prince Ribbit
  5728 | D:7      | Killed Prince Ribbit
  5728 | D:7      | Reached skill level 9 in Axes
  5732 | D:7      | Reached XP level 9. HP: 72/78 MP: 8/10
  6253 | D:8      | Paralysed by a hornet for 1 turns
  6257 | D:8      | Paralysed by a hornet for 2 turns
  6582 | D:8      | Paralysed by a hornet for 1 turns
  6851 | D:8      | Found a white marble altar of Elyvilon.
  6947 | D:8      | Reached skill level 10 in Axes
  7022 | D:8      | Found a large runed door.
  7022 | D:8      | Found a large runed door.
  7066 | D:8      | Reached *** piety under Yredelemnul
  7109 | D:8      | Found a large runed door.
  7109 | D:8      | Found a large runed door.
  7186 | D:8      | Noticed an obsidian statue
  7349 | D:8      | Reached XP level 10. HP: 88/88 MP: 12/12
  7818 | D:9      | Got a slimy steel ring
  7843 | D:9      | Identified the ring of Vipaigiv {rF+ Int+4} (You found it
                  | on level 9 of the Dungeon)
  7942 | D:9      | Reached **** piety under Yredelemnul
  7944 | D:9      | Received a gift from Yredelemnul (a wight)
  8367 | D:10     | Entered Level 10 of the Dungeon
  8454 | D:10     | Found a staircase to the Lair.
  8456 | D:10     | Reached skill level 11 in Axes
  8597 | D:10     | Received a gift from Yredelemnul (a wight)
  8757 | D:10     | Reached skill level 5 in Invocations
  9005 | D:10     | Received a gift from Yredelemnul (a wight)
  9177 | D:10     | Identified the Almanac of Supportive Toxins
  9276 | D:10     | Noticed an ice statue
  9625 | Lair:1   | Entered Level 1 of the Lair of Beasts
  9672 | Lair:1   | Gained mutation: You passively map a small area around you.
                  | [potion of mutation]
  9672 | Lair:1   | Gained mutation: You possess an exceptional clarity of
                  | mind. [potion of mutation]
  9672 | Lair:1   | Gained mutation: You have large cloven feet. [potion of
                  | mutation]
  9707 | Lair:1   | Noticed a spiny frog
  9724 | Lair:1   | Killed a spiny frog
  9724 | Lair:1   | Reached skill level 5 in Evocations
  9724 | Lair:1   | Reached XP level 11. HP: 52/95 MP: 1/14
 10068 | Lair:1   | Reached skill level 12 in Axes
 10162 | Lair:1   | Identified a scroll of acquirement
 10553 | Lair:1   | Noticed an oklob plant
 10554 | Lair:1   | Noticed an oklob plant
 10719 | Lair:2   | Received a gift from Yredelemnul (a wraith)
 10986 | Lair:2   | Received a gift from Yredelemnul (2 flying skulls)
 12204 | Lair:3   | Reached skill level 13 in Axes
 12249 | Lair:3   | Noticed a death yak
 12249 | Lair:3   | Noticed a death yak
 12250 | Lair:3   | Noticed a death yak
 12255 | Lair:3   | Killed a death yak
 12259 | Lair:3   | Killed a death yak
 12259 | Lair:3   | Reached skill level 10 in Fighting
 12259 | Lair:3   | Reached XP level 12. HP: 96/106 MP: 14/16
 12263 | Lair:3   | Killed a death yak
 12470 | Lair:3   | Noticed a six-headed hydra
 12474 | Lair:3   | Killed a six-headed hydra
 12597 | Lair:3   | Noticed a four-headed hydra
 12605 | Lair:3   | Killed a five-headed hydra
 13193 | Lair:3   | Found a staircase to the Snake Pit.
 13405 | Lair:4   | Reached skill level 14 in Axes
 13703 | Lair:4   | Received a gift from Yredelemnul (a wraith)
 13742 | Lair:4   | Reached skill level 10 in Armour
 14093 | Lair:4   | Identified the Compendium of Translocation
 14288 | Lair:4   | Noticed a five-headed hydra
 14290 | Lair:4   | Received a gift from Yredelemnul (a vampire)
 14305 | Lair:4   | Killed a five-headed hydra
 14305 | Lair:4   | Reached skill level 10 in Dodging
 14719 | Lair:4   | Found a staircase to the Swamp.
 15226 | Lair:5   | Reached ***** piety under Yredelemnul
 15664 | Lair:5   | Reached XP level 13. HP: 116/116 MP: 18/18
 16158 | Lair:6   | Entered Level 6 of the Lair of Beasts
 16279 | Lair:6   | Reached skill level 15 in Axes
 16298 | Lair:6   | Received a gift from Yredelemnul (a wraith)
 16651 | Lair:6   | Received a gift from Yredelemnul (a wraith)
 16822 | Lair:6   | Received a gift from Yredelemnul (a vampire)
 17074 | Lair:6   | Found a viscous altar of Jiyva.
 17074 | Lair:6   | Found a staircase to the Slime Pits.
 17107 | Lair:6   | Received a gift from Yredelemnul (a skeletal warrior)
 17184 | Lair:6   | Noticed a fire dragon
 17196 | Lair:6   | Killed a fire dragon
 17922 | Lair:6   | Reached skill level 16 in Axes
 17923 | Lair:6   | Received a gift from Yredelemnul (a flayed ghost)
 17965 | Lair:6   | Received a gift from Yredelemnul (a flayed ghost)
 18350 | Lair:6   | Reached XP level 14. HP: 91/126 MP: 19/19
 18364 | Lair:6   | Received a gift from Yredelemnul (a vampire knight)
 19055 | D:11     | Noticed Urug
 19067 | D:11     | Killed Urug
 19312 | D:11     | Received a gift from Yredelemnul (a vampire knight)
 19340 | D:11     | Found a staircase to the Orcish Mines.
 19434 | D:11     | Received a gift from Yredelemnul (a flayed ghost)
 19583 | D:11     | Found Faryesue's Weapon Emporium.
 19786 | D:11     | Noticed Snorg
 19793 | D:11     | Killed Snorg
 19793 | D:11     | Enslaved Snorg
 19832 | D:11     | Noticed Harold
 19849 | D:11     | Killed Harold
 20608 | Orc:1    | Entered Level 1 of the Orcish Mines
 21145 | Orc:2    | Entered Level 2 of the Orcish Mines
 21193 | Orc:2    | Found a dark tunnel.
 21198 | Volcano  | Entered a volcano
 21645 | Volcano  | Received a gift from Yredelemnul (a vampire)
 21673 | Volcano  | Got a pair of ancient gloves
 21684 | Volcano  | Identified the +1 pair of gloves of the Teacher {rN+ MR++
                  | Int+2 Dex-3} (You found it in a volcano)
 21971 | Orc:2    | Found a roughly hewn altar of Beogh.
 22122 | Orc:2    | Found a roughly hewn altar of Beogh.
 22129 | Orc:2    | Reached ****** piety under Yredelemnul
 22282 | Orc:2    | Received a gift from Yredelemnul (a vampire knight)
 22287 | Orc:2    | Your ally Snorg died
 22869 | Orc:2    | Found Elu Touvoati's Antique Weapon Boutique.
 22869 | Orc:2    | Found Yhisuj Rui's Weapon Shop.
 22869 | Orc:2    | Found Wips's Distillery.
 22874 | Orc:2    | Found Suutob's General Store.
 23235 | Orc:2    | Found a staircase to the Elven Halls.
 23599 | Orc:1    | Found Punicant's Food Shop.
 24119 | D:12     | Reached skill level 17 in Axes
 24156 | D:12     | Noticed Erolcha
 24164 | D:12     | Killed Erolcha
 24170 | D:12     | Received a gift from Yredelemnul (a phantasmal warrior)
 24190 | D:12     | Reached skill level 10 in Invocations
 25104 | D:13     | Noticed Azrael
 25112 | D:13     | Received a gift from Yredelemnul (a vampire knight)
 25117 | D:13     | Killed Azrael
 25117 | D:13     | Enslaved Azrael
 25122 | D:13     | Received a gift from Yredelemnul (a ghoul)
 25142 | D:13     | Found a gate to the Vaults.
 25221 | D:13     | Noticed Josephine
 25231 | D:13     | Killed Josephine
 25236 | D:13     | Found a flagged portal.
 25311 | Bailey   | Entered a bailey
 25445 | Bailey   | Received a gift from Yredelemnul (a skeletal warrior)
 26188 | D:13     | Noticed Rupert
 26213 | D:13     | Killed Rupert
 26285 | D:13     | Found a sacrificial altar of Ru.
 26897 | D:14     | Received a gift from Yredelemnul (a bone dragon)
 26898 | D:14     | Reached XP level 15. HP: 69/136 MP: 18/21
 27327 | D:14     | Found a white marble altar of Elyvilon.
 27337 | D:14     | Found a runed gate.
 27337 | D:14     | Found a runed gate.
 27337 | D:14     | Found a runed gate.
 27340 | D:14     | Noticed Astran's ghost (adept GrBe)
 27341 | D:14     | Found an opulent altar of Gozag.
 27946 | D:15     | Entered Level 15 of the Dungeon
 28567 | D:15     | Found a staircase to the Depths.
 28880 | D:15     | Noticed Louise
 28913 | D:15     | Killed Louise
 28917 | D:15     | Received a gift from Yredelemnul (a bone dragon)
 29330 | Swamp:1  | Entered Level 1 of the Swamp
 29674 | Swamp:1  | Reached skill level 18 in Axes
 30490 | Swamp:2  | Received a gift from Yredelemnul (a phantasmal warrior)
 31782 | Swamp:3  | Noticed a thorn hunter
 31790 | Swamp:3  | Killed a thorn hunter
 32099 | Swamp:3  | Received a gift from Yredelemnul (a profane servitor)
 32555 | Swamp:3  | Found a runed gate.
 32555 | Swamp:3  | Found a runed gate.
 32555 | Swamp:3  | Found a runed gate.
 32556 | Swamp:3  | Noticed GordonOverkill's ghost (adept DrAK)
 32911 | Swamp:4  | Entered Level 4 of the Swamp
 33152 | Swamp:4  | Reached skill level 15 in Armour
 33206 | Swamp:4  | Noticed the 27-headed Lernaean hydra
 33208 | Swamp:4  | Killed the 27-headed Lernaean hydra
 33483 | Swamp:4  | Reached XP level 16. HP: 141/146 MP: 23/23
 33488 | Swamp:4  | Got a decaying rune of Zot
 33801 | Snake:1  | Entered Level 1 of the Snake Pit
 34087 | Snake:1  | Received a gift from Yredelemnul (a vampire)
 34223 | Snake:1  | Received a gift from Yredelemnul (a phantasmal warrior)
 34329 | Snake:1  | Reached skill level 19 in Axes
 35497 | Snake:1  | Found a shadowy altar of Dithmenos.
 36174 | Snake:2  | Found Xefezeh's Assorted Antiques.
 36697 | Snake:2  | Found Pemealec's Magic Scroll Emporium.
 36705 | Snake:2  | Bought a scroll of acquirement for 676 gold pieces
 36720 | Snake:2  | Bought a scroll of enchant weapon for 97 gold pieces
 36720 | Snake:2  | Bought a scroll of magic mapping for 45 gold pieces
 36766 | Snake:2  | Bought a scroll of enchant weapon for 240 gold pieces
 36994 | Orc:2    | Bought a scroll of enchant weapon for 112 gold pieces
 37546 | Snake:2  | Received a gift from Yredelemnul (a flayed ghost)
 37625 | Snake:2  | Found a runed gate.
 37625 | Snake:2  | Found a runed gate.
 37625 | Snake:2  | Found a runed gate.
 37625 | Snake:2  | Noticed Lerchoono's ghost (journeyman DDFi)
 38330 | Snake:3  | Got a smelly scale mail
 38341 | Snake:3  | Identified the +6 scale mail of the Valley {rPois} (You
                  | found it on level 3 of the Snake Pit)
 38407 | Snake:3  | Found a runed door.
 38409 | Snake:3  | Noticed tidbits's ghost (journeyman GnSu)
 38835 | Snake:4  | Entered Level 4 of the Snake Pit
 39353 | Snake:4  | Your ally Azrael died
 40005 | Snake:4  | Received a gift from Yredelemnul (a vampire knight)
 40168 | Snake:4  | Reached skill level 15 in Fighting
 40171 | Snake:4  | Received a gift from Yredelemnul (a phantasmal warrior)
 40173 | Snake:4  | Reached skill level 20 in Axes
 40180 | Snake:4  | Reached XP level 17. HP: 57/156 MP: 13/25
 40471 | Snake:4  | Got a serpentine rune of Zot
 41053 | Snake:4  | Received a gift from Yredelemnul (a vampire)
 41160 | Snake:4  | Noticed Kirke
 41168 | Snake:4  | Killed Kirke
 41568 | Vaults:1 | Entered Level 1 of the Vaults
 42364 | Vaults:1 | Found Hagrunt's Food Emporium.
 43635 | Vaults:2 | Received a gift from Yredelemnul (a ghoul)
 43656 | Vaults:2 | Received a gift from Yredelemnul (a skeletal warrior)
 44035 | Vaults:2 | Received a gift from Yredelemnul (a phantasmal warrior)
 44278 | Vaults:2 | Received a gift from Yredelemnul (a vampire knight)
 44759 | Vaults:2 | Reached skill level 21 in Axes
 45046 | Vaults:2 | Received a gift from Yredelemnul (a vampire knight)
 45781 | Vaults:2 | Got a steaming plate armour
 45792 | Vaults:2 | Identified the cursed +0 plate armour of the Eight Coins
                  | {Int+2} (You took it off an orc on level 2 of the Vaults)
 45812 | Vaults:2 | Reached XP level 18. HP: 166/166 MP: 26/26
 46112 | Elf:1    | Entered Level 1 of the Elven Halls
 46169 | Elf:1    | Received a gift from Yredelemnul (a bone dragon)
 46476 | Elf:1    | Received a gift from Yredelemnul (a phantasmal warrior)
 46832 | Elf:1    | Reached skill level 15 in Dodging
 47048 | Elf:1    | Got a pair of warped gloves
 47050 | Elf:1    | Identified the +1 pair of gloves "Oramobum" {Dex+4} (You
                  | found it on level 1 of the Elven Halls)
 47090 | Elf:1    | Received a gift from Yredelemnul (a flayed ghost)
 47172 | Elf:1    | Found Goacosh's Distillery.
 47183 | Elf:1    | Bought a potion of curing for 54 gold pieces
 47183 | Elf:1    | Bought a potion of heal wounds for 90 gold pieces
 48195 | Elf:2    | Received a gift from Yredelemnul (a vampire knight)
 48446 | Elf:2    | Found a huge runed gate.
 48446 | Elf:2    | Found a huge runed gate.
 48446 | Elf:2    | Found a huge runed gate.
 48446 | Elf:2    | Found a huge runed gate.
 48453 | Elf:2    | Found a huge runed gate.
 48639 | Elf:2    | Found Init's Weapon Shoppe.
 48754 | Elf:2    | Noticed Donald
 48764 | Elf:2    | Killed Donald
 48944 | Elf:2    | Received a gift from Yredelemnul (a ghoul)
 49575 | Elf:2    | Noticed Saint Roka
 50049 | Elf:2    | Received a gift from Yredelemnul (a skeletal warrior)
 50130 | Elf:2    | Killed Saint Roka
 50130 | Elf:2    | Enslaved Saint Roka
 50221 | Elf:2    | Reached skill level 22 in Axes
 50726 | Elf:3    | Entered Level 3 of the Elven Halls
 50756 | Elf:3    | Your ally Saint Roka died
 51397 | Elf:3    | Received a gift from Yredelemnul (a vampire)
 51635 | Elf:3    | Received a gift from Yredelemnul (a vampire)
 51978 | Elf:3    | Found a portal to a secret trove of treasure.
 52317 | Elf:3    | Reached XP level 19. HP: 174/174 MP: 3/28
 52332 | Elf:3    | Noticed a Brimstone Fiend
 52375 | Elf:3    | Received a gift from Yredelemnul (a bone dragon)
 53802 | Elf:3    | Identified the Incunabulum of Toxins and Battle Magic
 53823 | Elf:3    | Found the +0 sword of Power
 54685 | Vaults:3 | Received a gift from Yredelemnul (a profane servitor)
 55016 | Vaults:3 | Found a staircase to the Crypt.
 55351 | Vaults:3 | Received a gift from Yredelemnul (a phantasmal warrior)
 55677 | Vaults:3 | Found Gurokhleu's Food Boutique.
 55677 | Vaults:3 | Found Pecy's Antique Weapon Boutique.
 55698 | Vaults:3 | Found Antess's Magic Scroll Boutique.
 55709 | Vaults:3 | Bought a scroll of enchant weapon for 120 gold pieces
 57139 | Vaults:4 | Found the +7 mace of Variability {chain chaos}
 57254 | Vaults:4 | Noticed a Brimstone Fiend
 57841 | Vaults:4 | Reached skill level 23 in Axes
 58314 | Vaults:4 | Found Xaytappo's Weapon Shop.
 59313 | Depths:1 | Entered Level 1 of the Depths
 60201 | Depths:1 | Got a warped jade ring
 60203 | Depths:1 | Identified the ring of Ciymufu {rElec MR+ Int+3 Dex+4} (You
                  | acquired it on level 1 of the Depths)
 60359 | Depths:1 | Received a gift from Yredelemnul (a bone dragon)
 60432 | Depths:1 | Found a runed door.
 60631 | Depths:1 | Found a gateway to Hell.
 60705 | Depths:1 | Received a gift from Yredelemnul (a ghoul)
 60712 | Depths:1 | Found a one-way gate leading to the halls of Pandemonium.
 61380 | Depths:2 | Reached XP level 20. HP: 118/184 MP: 29/29
 61984 | Depths:2 | Found a one-way gate to the infinite horrors of the Abyss.
 62615 | Depths:2 | Received a gift from Yredelemnul (a phantasmal warrior)
 62776 | Depths:2 | Found a glowing golden altar of the Shining One.
 63152 | Depths:2 | Received a gift from Yredelemnul (a flayed ghost)
 64524 | Depths:3 | Received a gift from Yredelemnul (a bone dragon)
 65222 | Depths:3 | Received a gift from Yredelemnul (a flayed ghost)
 66147 | Depths:3 | Reached skill level 15 in Invocations
 66611 | Depths:4 | Found a gateway to a ziggurat.
 66615 | Depths:4 | Reached skill level 24 in Axes
 66620 | Depths:4 | Received a gift from Yredelemnul (a vampire knight)
 66777 | Depths:4 | Cast into level 3 of the Abyss (a Zot trap)
 66910 | Abyss:3  | Received a gift from Yredelemnul (a vampire knight)
 66953 | Abyss:3  | Received a gift from Yredelemnul (a vampire)
 67209 | Abyss:3  | Found a corrupted altar of Lugonu.
 67352 | Abyss:3  | Found a corrupted altar of Lugonu.
 67419 | Abyss:3  | Reached XP level 21. HP: 84/194 MP: 27/31
 67538 | Abyss:3  | Received a gift from Yredelemnul (a vampire knight)
 67543 | Depths:4 | Escaped the Abyss
 68732 | Depths:4 | Received a gift from Yredelemnul (a vampire knight)
 70079 | Depths:3 | Found a roughly hewn altar of Beogh.
 70079 | Depths:3 | Noticed Mennas
 70098 | Depths:3 | Killed Mennas
 70098 | Depths:3 | Enslaved Mennas
 70185 | Depths:3 | Received a gift from Yredelemnul (a bone dragon)
 70614 | Depths:3 | Found an ancient bone altar of Kikubaaqudgha.
 70730 | Depths:3 | Found The Legendary Fibbabb's Legendary Smithy.
 70766 | Depths:3 | Received a gift from Yredelemnul (a vampire)
 70852 | Depths:3 | Found Ipsofik's Miraculous Elixirs.
 70973 | Depths:3 | Found Jack's Jerk-a-riffic Jerky.
 71059 | Depths:3 | Found Itaiqa's Slaves and Accessories.
 71405 | Depths:5 | Entered Level 5 of the Depths
 71524 | Depths:5 | Got a sparkling turquoise ring
 71527 | Depths:5 | Identified the ring of Giral {rF+ rN+ SInv} (You took it
                  | off an orc high priest on level 5 of the Depths)
 71541 | Depths:5 | Paralysed by a floating eye for 4 turns
 71734 | Depths:5 | Paralysed by a floating eye for 3 turns
 71864 | Depths:5 | Received a gift from Yredelemnul (a ghoul)
 71870 | Depths:5 | Got a scintillating silver ring
 71872 | Depths:5 | Identified the ring "Baacot" {rPois rF+ rN+++ Dex-5 Stlth+}
                  | (You found it on level 5 of the Depths)
 71990 | Depths:5 | Reached skill level 25 in Axes
 72110 | Depths:5 | Noticed a caustic shrike
 72116 | Depths:5 | Killed a caustic shrike
 72140 | Depths:5 | Paralysed by a floating eye for 4 turns
 72324 | Depths:5 | Got a flickering turquoise ring
 72327 | Depths:5 | Identified the ring "Fioju" {rPois rC+} (You found it on
                  | level 5 of the Depths)
 72445 | Depths:5 | Found a gate to the Realm of Zot.
 72473 | Depths:5 | Paralysed by a floating eye for 3 turns
 73128 | Depths:5 | Noticed a caustic shrike
 73157 | Depths:5 | Killed a caustic shrike
 73986 | Depths:5 | Reached XP level 22. HP: 205/205 MP: 32/32
 74107 | Depths:5 | Noticed a caustic shrike
 74125 | Depths:5 | Killed a caustic shrike
 74581 | Depths:5 | Got a transparent plate armour
 74592 | Depths:5 | Identified the +4 plate armour "Foaskior" {rF+ Dex+3} (You
                  | found it on level 5 of the Depths)
 74892 | Depths:5 | Found a shattered altar of Ashenzari.
 75622 | Depths:5 | Upgraded the game from 0.23-a0-208-gb6b040f31c to
                  | 0.23-a0-239-g84a5ed292d
 76070 | Vaults:5 | Entered Level 5 of the Vaults
 76077 | Vaults:5 | Received a gift from Yredelemnul (a vampire)
 76107 | Vaults:5 | Noticed an ancient lich
 76116 | Vaults:5 | Received a gift from Yredelemnul (a flayed ghost)
 76119 | Vaults:5 | Killed an ancient lich
 76345 | Vaults:5 | Noticed a golden dragon
 76355 | Vaults:5 | Killed a golden dragon
 76356 | Vaults:5 | Received a gift from Yredelemnul (a ghoul)
 76488 | Vaults:5 | Received a gift from Yredelemnul (a skeletal warrior)
 76501 | Vaults:5 | Found Iceshoyseez's Distillery.
 77004 | Vaults:5 | Reached skill level 26 in Axes
 77267 | Vaults:5 | Got a pair of faintly glowing gloves
 77525 | Vaults:5 | Received a gift from Yredelemnul (a vampire knight)
 77646 | Vaults:5 | Got a silver rune of Zot
 78048 | Vaults:5 | Got a polished plate armour
 78059 | Vaults:5 | Identified the +1 pair of gloves of the Original Sin {rElec
                  | Regen+ rCorr Int-2} (You found it on level 5 of the Vaults)
 78060 | Vaults:5 | Identified the +0 plate armour of Indecent Exposure {rF+
                  | Dex+6 Slay-4} (You found it on level 5 of the Vaults)
 78528 | Vaults:5 | Found Loheyf's Magic Scroll Boutique.
 78528 | Vaults:5 | Found Xivueqy's Magic Scroll Shoppe.
 78557 | Vaults:5 | Found Naidwuew's Food Emporium.
 78557 | Vaults:5 | Found Zyagh's Magic Scroll Boutique.
 78571 | Vaults:5 | Found Beneze's Distillery.
 78571 | Vaults:5 | Found Ichel's Food Emporium.
 78619 | Vaults:5 | Found Zaonigg's Food Shop.
 78622 | Vaults:5 | Bought a scroll of enchant weapon for 105 gold pieces
 78637 | Vaults:5 | Found Koufoef's Distillery.
 78660 | Vaults:5 | Bought a scroll of blinking for 105 gold pieces
 78660 | Vaults:5 | Bought a scroll of acquirement for 728 gold pieces
 78673 | Vaults:5 | Got a glittering brass ring
 78674 | Vaults:5 | Identified the ring "Voarid" {Int+3 Dex+6} (You acquired it
                  | on level 5 of the Vaults)
 78998 | Zot:1    | Entered Level 1 of the Realm of Zot
 79266 | Zot:1    | Received a gift from Yredelemnul (a vampire knight)
 79270 | Zot:1    | Reached XP level 23. HP: 213/215 MP: 34/34
 79886 | Zot:1    | Received a gift from Yredelemnul (a profane servitor)
 80699 | Zot:2    | Received a gift from Yredelemnul (a skeletal warrior)
 81175 | Zot:2    | Received a gift from Yredelemnul (a ghoul)
 82256 | Zot:2    | Noticed a curse toe
 82272 | Zot:2    | Killed a curse toe
 82969 | Zot:3    | Reached XP level 24. HP: 222/225 MP: 34/34
 83811 | Zot:3    | Got a fine gossamer ring
 83812 | Zot:3    | Identified the ring of Nabbon {Ice Str-4 Int+3 Dex+7} (You
                  | found it on level 3 of the Realm of Zot)
 85372 | Zot:4    | Gained mutation: You are weak. (Str -2) [mutagenic glow]
 85394 | Zot:4    | Gained mutation: You are very weak. (Str -4) [mutagenic
                  | glow]
 85438 | Zot:4    | Noticed an orb of fire
 85442 | Zot:4    | Received a gift from Yredelemnul (a phantasmal warrior)
 85453 | Zot:4    | Killed an orb of fire
 86070 | Zot:4    | Noticed Popraera's ghost (legendary MfSk)
 86074 | Zot:4    | Found a runed gate.
 86074 | Zot:4    | Found a runed gate.
 86075 | Zot:4    | Found a runed gate.
 86342 | Zot:5    | Entered Level 5 of the Realm of Zot
 87225 | Zot:5    | Noticed an orb of fire
 87230 | Zot:5    | Noticed an orb of fire
 87232 | Zot:5    | Noticed an orb of fire
 87232 | Zot:5    | Noticed an orb of fire
 87235 | Zot:5    | Noticed an orb of fire
 87242 | Zot:5    | Your ally Mennas died
 87245 | Zot:5    | Noticed an orb of fire
 87247 | Zot:5    | Lost mutation: You possess an exceptional clarity of mind.
                  | [an orb of fire]
 87285 | Zot:4    | Gained mutation: You are frail. (-10% HP) [an orb of fire]
 87286 | Zot:4    | Gained mutation: You are clumsy. (Dex -2) [an orb of fire]
 87291 | Zot:4    | Killed an orb of fire
 87291 | Zot:4    | Reached skill level 27 in Axes
 87440 | Zot:4    | Lost mutation: You are frail. (-10% HP) [potion of
                  | mutation]
 87440 | Zot:4    | Gained mutation: You are somewhat resistant to further
                  | mutation. [potion of mutation]
 87440 | Zot:4    | Lost mutation: You passively map a small area around you.
                  | [potion of mutation]
 87457 | Zot:4    | Gained mutation: You are frail. (-10% HP) [an orb of fire]
 87463 | Zot:4    | Killed an orb of fire
 87465 | Zot:4    | Killed an orb of fire
 87647 | Zot:5    | Gained mutation: You are partially covered in icy blue
                  | scales. (AC +2) [an orb of fire]
 87668 | Zot:4    | Killed an orb of fire
 87965 | Zot:4    | Killed an orb of fire
 87966 | Zot:4    | Lost mutation: You are frail. (-10% HP) [potion of
                  | mutation]
 87966 | Zot:4    | Lost mutation: You are partially covered in icy blue
                  | scales. (AC +2) [potion of mutation]
 87966 | Zot:4    | Lost mutation: You have large cloven feet. [potion of
                  | mutation]
 87966 | Zot:4    | Lost mutation: You are somewhat resistant to further
                  | mutation. [potion of mutation]
 87966 | Zot:4    | Gained mutation: You have large cloven feet. [potion of
                  | mutation]
 87966 | Zot:4    | Gained mutation: You have an increased reservoir of magic.
                  | (+10% MP) [potion of mutation]
 88098 | Zot:4    | Gained mutation: You are occasionally teleported next to
                  | monsters. [an orb of fire]
 88099 | Zot:4    | Lost mutation: You have an increased reservoir of magic.
                  | (+10% MP) [an orb of fire]
 88101 | Zot:4    | Gained mutation: You tend to lose your temper in combat.
                  | [an orb of fire]
 88108 | Zot:4    | Gained mutation: Your magical capacity is low. (-10% MP)
                  | [an orb of fire]
 88110 | Zot:4    | Killed an orb of fire
 88110 | Zot:4    | Received a gift from Yredelemnul (a flayed ghost)
 88264 | Zot:5    | Noticed an ancient lich
 88275 | Zot:5    | Noticed an ancient lich
 88276 | Zot:5    | Killed an ancient lich
 88276 | Zot:5    | Reached XP level 25. HP: 213/235 MP: 31/31
 88286 | Zot:5    | Killed an ancient lich
 88304 | Zot:5    | Lost mutation: You tend to lose your temper in combat.
                  | [potion of mutation]
 88304 | Zot:5    | Lost mutation: You have large cloven feet. [potion of
                  | mutation]
 88304 | Zot:5    | Lost mutation: You are clumsy. (Dex -2) [potion of
                  | mutation]
 88304 | Zot:5    | Lost mutation: Your magical capacity is low. (-10% MP)
                  | [potion of mutation]
 88304 | Zot:5    | Gained mutation: You have sharp toenails. [potion of
                  | mutation]
 88304 | Zot:5    | Gained mutation: You are partially covered in rugged brown
                  | scales. (AC +1, +3% HP) [potion of mutation]
 88305 | Zot:5    | Lost mutation: You are very weak. (Str -4) [potion of
                  | mutation]
 88305 | Zot:5    | Lost mutation: You are partially covered in rugged brown
                  | scales. (AC +1, +3% HP) [potion of mutation]
 88305 | Zot:5    | Gained mutation: You have razor-sharp toenails. [potion of
                  | mutation]
 88305 | Zot:5    | Gained mutation: Your mind is acute. (Int +2) [potion of
                  | mutation]
 88305 | Zot:5    | Gained mutation: You are resistant to electric shocks.
                  | (rElec) [potion of mutation]
 88306 | Zot:5    | Lost mutation: Your mind is acute. (Int +2) [potion of
                  | mutation]
 88306 | Zot:5    | Lost mutation: You are weak. (Str -2) [potion of mutation]
 88306 | Zot:5    | Lost mutation: You have razor-sharp toenails. [potion of
                  | mutation]
 88306 | Zot:5    | Lost mutation: You are occasionally teleported next to
                  | monsters. [potion of mutation]
 88306 | Zot:5    | Gained mutation: You have razor-sharp toenails. [potion of
                  | mutation]
 88306 | Zot:5    | Gained mutation: You have supernaturally acute eyesight.
                  | (SInv) [potion of mutation]
 89013 | Zot:5    | Noticed an orb of fire
 89031 | Zot:5    | Killed an orb of fire
 89031 | Zot:5    | Received a gift from Yredelemnul (a skeletal warrior)
 89425 | Zot:5    | Got the Orb of Zot
 89763 | Depths:2 | Noticed Fiamuos the pandemonium lord
 89773 | Depths:1 | Noticed Febett the pandemonium lord
 90166 | D:$      | Escaped with the Orb!

Vault maps used:
D:1:      erik_arrival_orb_chamber
D:3:      uniq_grinder
D:4:      cheibrodos_old_hovel, first_ration
D:5:      temple_statues
D:6:      serial_shops, shop
D:7:      lemuel_ice_spiral_2, uniq_prince_ribbit1
D:8:      minmay_separated_statues, lemuel_round_altar,
          hangedman_pestilent_swarm, minmay_hollow_rounded_squares
D:10:     lair_entry_dummy, minivault_16
D:11:     hiddenorc1_lemuel, serial_shops, kennysheep_mini_moat, uniq_urug,
          uniq_snorg, uniq_harold
D:12:     kennysheep_generic_room_3, uniq_erolcha
D:13:     erik_vaults_1, enter_bailey_7, basic_altar, uniq_josephine,
          uniq_rupert, uniq_azrael
D:14:     ebering_ghost_gozag, minmay_misc_feat_chi, basic_altar,
          minmay_misc_feat_diagonals, kennysheep_boxes
D:15:     grunt_enter_depths_hoard, minmay_misc_feat_more_columns,
          nicolae_two_hexagons, uniq_louise
Temple:   regret_index_temple_sigil_plot
Lair:1:   infiniplex_staircase_pool, minmay_lair_oklob_chamber,
          grunt_megastairs_3
Lair:2:   st_stairs_7
Lair:3:   minmay_snake_entry_guardpost_medium
Lair:4:   minmay_swamp_entry_swarm, special_room, serial_bayou_shore_b,
          lemuel_fruit_fields, grunt_megastairs_1
Lair:5:   serial_bayou_pond_d, lemuel_fruit_tree
Lair:6:   hangedman_lair_caniforms_friends, guppyfry_lair_end_dragon,
          slime_altar_1, portal_ice_cave_entry_pillars_2,
          grunt_forest_large_clearings, grunt_megastairs_2, lemuel_fruit_fields,
          serial_bayou_shore_a
Swamp:1:  hangedman_swamp_cone
Swamp:2:  hangedman_swamp_ruin_wall
Swamp:3:  gammafunk_ghost_necromancy, evilmike_swamp_ruin_house_1
Swamp:4:  swamp_old_school
Snake:1:  basic_altar
Snake:2:  ebering_ghost_rock_garden, serial_shops, shop, nicolae_shop_trees
Snake:3:  ebering_ghost_inner_flame, serial_bayou_ford_a
Snake:4:  snake_pit, st_stairs_11, grunt_ministairs_6, uniq_kirke
Orc:1:    serial_shops, nicolae_shop_competitors_out_of_business
Orc:2:    st_orc_mages, nicolae_volcano_entry_s_turn, basic_altar,
          kennysheep_orc_chapel
Elf:1:    serial_shops, shop, orc_legates, minmay_misc_feat_rows
Elf:2:    serial_shops, shop, minivault_5, hangedman_elf_simple_split,
          uniq_saint_roka, uniq_donald
Elf:3:    minmay_elf_hall, nicolae_trove_entry_path_of_doom
Vaults:1: nicolae_vaults_network_s, v_rooms_6, v_misc_13, hangedman_vaults_trim,
          vaults_room_door_ring, hangedman_vaults_variations,
          hangedman_vaults_river_flow, nicolae_vaults_circle_grid_b,
          vaults_mumra_lcd, vaults_dpeg_hooks, ontoclasm_vaults_pinch,
          serial_shops, shop
Vaults:2: nicolae_vaults_lopsided_apartments, v_pattern_4, v_misc_5,
          vaults_mumra_hex, vaults_room_hallway, vaults_room_door_hall,
          ontoclasm_vaults_tryst, nicolae_vaults_windows_and_doors_thing,
          v_misc_12, vaults_room_hallway, grunt_vaults_hallway_short
Vaults:3: grunt_vaults_funnel, grunt_vaults_diagonal, nicolae_vaults_triangles,
          minmay_crypt_entry_simple_box, nicolae_vaults_ninety_degrees,
          v_pattern_2, hangedman_vaults_hard_town_square, nicolae_vaults_big_ls,
          ontoclasm_vaults_idyll, vaults_room_door_hall
Vaults:4: v_misc_22, grunt_vaults_focal, v_misc_24, nicolae_vaults_rhombus_7,
          hangedman_vaults_impose, v_misc_33, v_misc_5, v_misc_27,
          vaults_dpeg_diagonal, nicolae_vaults_what_the_h,
          nicolae_vaults_ring_of_whatevers, ontoclasm_vaults_misaligned,
          vaults_dpeg_encased_lava, vaults_room_stairs_pillars, serial_shops,
          shop
Depths:1: hex_medium, pf_coc_iceberg, rand_demon_pan_entry_4,
          nicolae_water_bricks, hangedman_abyss_or_decor_clamps,
          minmay_acid_items
Depths:2: minmay_curly_fans, minmay_room_of_horrors, special_room,
          pf_vacation_house_of_asmodeus, tso_metal_star
Depths:3: grated_community_mu, grunt_metal_band, minmay_misc_feat_secret_circle,
          pan_entry, uniq_mennas
Depths:4: minmay_connected_boxes_in_corner, enter_ziggurat_e, hell_entry,
          abyss_entry, nicolae_twisting_strands, pan_entry,
          infiniplex_staircase_zigzag_4
Depths:5: hangedman_spin_cycle, abyss_entry, hell_entry
Zot:1:    st_small_dragon_hoard_5, zot_minivault_1
Zot:3:    cheibrodos_zot_enchanting_chambers, st_stairs_13
Zot:4:    ebering_ghost_rock_garden
Zot:5:    st_stairs_7
Abyss:3:  nicolae_abyss_rune_left_handed, evilmike_abyss_exit_12
Bailey:   bailey_polearm_gnolls_kennysheep, bailey
Volcano:  volcano_bunker

Skill      XL: |  1  2  3  4  5  6  7  8  9 10 11 12 13 14 15 16 17 18 19 20 21 22 23 24 25 |
---------------+----------------------------------------------------------------------------+-----
Axes           | 4 5 6 7 9 10 11 13 14 16 17 18 20 21 22 23 24 25 26 27 | 27.0
Armour         | 1 2 3 4 5 6 8 9 10 11 13 15 16 18 19 20 21 22 24 25 | 25.0
Fighting       | 4 5 6 7 8 10 11 12 13 14 15 16 17 18 19 20 21 | 21.8
Dodging        | 4 5 6 7 8 9 10 11 12 13 14 15 16 17 18 19 20 | 20.3
Invocations    | 1 2 4 5 6 8 9 10 11 12 13 14 15 16 17 18 | 18.5
Evocations     | 1 2 3 5 |  5.7
Stealth        | |  1.5

Action                   |  1- 3 |  4- 6 |  7- 9 | 10-12 | 13-15 | 16-18 | 19-21 | 22-24 | 25-27 || total
-------------------------+-------+-------+-------+-------+-------+-------+-------+-------+-------++-------
Melee: Hand axe          |    89 |    63 |   203 |   225 |       |       |       |       |       ||   580
       Headbutt          |    13 |    12 |    37 |   114 |   178 |   179 |   284 |   189 |    47 ||  1053
       Kick              |       |       |       |   109 |   289 |   280 |   470 |   248 |       ||  1396
       Battleaxe         |       |       |       |   234 |   749 |    82 |       |       |       ||  1065
       Dire flail        |       |       |       |       |    21 |       |       |       |       ||    21
       Executioner's axe |       |       |       |       |       |   682 |  1183 |   758 |   191 ||  2814
 Fire: Hunting sling     |    10 |       |       |       |       |       |       |       |       ||    10
Invok: Animate Dead      |       |       |       |    22 |    82 |    96 |    60 |    52 |     4 ||   316
       Drain Life        |       |       |       |     2 |       |     4 |    13 |     4 |     2 ||    25
       Recall Undead Sla |       |       |       |       |     6 |    10 |     7 |    14 |     7 ||    44
       Stop Recall       |       |       |       |       |     1 |       |       |     1 |       ||     2
       Enslave Soul      |       |       |       |       |     2 |     2 |     3 |       |       ||     7
Evoke: Wand              |       |       |       |     7 |     5 |     1 |     2 |     3 |    12 ||    30
  Use: Scroll            |    11 |     8 |     3 |     7 |    12 |    10 |     7 |    28 |     2 ||    88
       Potion            |       |       |     1 |     5 |     1 |     5 |     8 |    14 |     7 ||    41
 Stab: Sleeping          |     3 |       |       |       |       |       |       |       |       ||     3
       Distracted        |       |       |       |     6 |    13 |    11 |    22 |    32 |     2 ||    86
       Paralysed         |       |       |       |       |     8 |     3 |     6 |     1 |       ||    18
       Confused          |       |       |       |       |       |       |     3 |    11 |       ||    14
  Eat: Chunk             |     3 |    11 |    15 |    43 |    62 |    58 |    38 |    10 |       ||   240
       Ration            |       |       |       |       |     6 |     9 |    17 |    16 |     3 ||    51
Armor: Robe              |     6 |       |       |       |       |       |       |       |       ||     6
       Chain mail        |    13 |    28 |    43 |       |       |       |       |       |       ||    84
       Plate armour      |       |       |    33 |   235 |   457 |   236 |   600 |    58 |       ||  1619
       Scale mail        |       |       |       |       |       |    92 |       |       |       ||    92
       Gold dragon scale |       |       |       |       |       |       |       |   359 |   141 ||   500
Dodge: Dodged            |    42 |    11 |    80 |   231 |   565 |   530 |   768 |   389 |   117 ||  2733
Block: Other             |       |       |       |       |       |       |       |    24 |    12 ||    36

Table legend:
 A = Non-vault XP
 B = Vault XP
 C = Vault XP percentage of total XP
 D = Non-vault monster count
 E = Vault monster count
 F = Vault count percentage of total count
                 A         B        C        D         E       F
            +---------+---------+-------+---------+---------+-------
      Total |  555020 |  665683 |  54.5 |    1334 |    1012 |  43.1
            +---------+---------+-------+---------+---------+-------
        D:1 |      38 |      12 |  24.0 |      16 |      12 |  42.9
        D:2 |      43 |       0 |   0.0 |      15 |       0 |   0.0
        D:3 |      23 |     281 |  92.4 |       8 |       1 |  11.1
        D:4 |      84 |       0 |   0.0 |       4 |       0 |   0.0
        D:5 |     600 |       0 |   0.0 |      15 |       0 |   0.0
        D:6 |    1013 |       0 |   0.0 |      23 |       0 |   0.0
        D:7 |     617 |     274 |  30.8 |      10 |       1 |   9.1
        D:8 |     794 |    1951 |  71.1 |      12 |      16 |  57.1
        D:9 |    1781 |       0 |   0.0 |      32 |       0 |   0.0
       D:10 |    2659 |       0 |   0.0 |      47 |       0 |   0.0
       D:11 |    1631 |    1859 |  53.3 |      23 |      19 |  45.2
       D:12 |    5643 |     487 |   7.9 |      36 |       2 |   5.3
       D:13 |    3813 |    5105 |  57.2 |      22 |      20 |  47.6
       D:14 |    5963 |       0 |   0.0 |      26 |       0 |   0.0
       D:15 |    5859 |    2162 |  27.0 |      17 |       3 |  15.0
     Lair:1 |    3468 |    1130 |  24.6 |      20 |       6 |  23.1
     Lair:2 |    4342 |       0 |   0.0 |      25 |       0 |   0.0
     Lair:3 |    7241 |     711 |   8.9 |      23 |       5 |  17.9
     Lair:4 |    2822 |    5457 |  65.9 |       7 |      29 |  80.6
     Lair:5 |    4663 |       0 |   0.0 |      23 |       0 |   0.0
     Lair:6 |    9949 |   15789 |  61.3 |      44 |     106 |  70.7
    Swamp:1 |    5439 |       0 |   0.0 |      26 |       0 |   0.0
    Swamp:2 |    8384 |       0 |   0.0 |      34 |       0 |   0.0
    Swamp:3 |    7640 |       0 |   0.0 |      30 |       0 |   0.0
    Swamp:4 |    5359 |   12125 |  69.3 |      25 |      25 |  50.0
    Snake:1 |   13265 |       0 |   0.0 |      36 |       0 |   0.0
    Snake:2 |    6730 |       0 |   0.0 |      16 |       0 |   0.0
    Snake:3 |   16997 |       0 |   0.0 |      42 |       0 |   0.0
    Snake:4 |   11492 |   21665 |  65.3 |      33 |      54 |  62.1
      Orc:1 |    2275 |     130 |   5.4 |      26 |       1 |   3.7
      Orc:2 |     796 |    5722 |  87.8 |       9 |      42 |  82.4
      Elf:1 |   19778 |    7187 |  26.7 |      48 |      21 |  30.4
      Elf:2 |   15333 |   20340 |  57.0 |      33 |      45 |  57.7
      Elf:3 |   10834 |   24518 |  69.4 |      27 |      25 |  48.1
   Vaults:1 |   10787 |   13826 |  56.2 |      29 |      33 |  53.2
   Vaults:2 |   18157 |   26196 |  59.1 |      36 |      47 |  56.6
   Vaults:3 |   16731 |   22928 |  57.8 |      39 |      42 |  51.9
   Vaults:4 |   15522 |    7851 |  33.6 |      22 |      18 |  45.0
   Vaults:5 |   17172 |   91674 |  84.2 |      35 |      89 |  71.8
   Depths:1 |   15610 |    3798 |  19.6 |      38 |       5 |  11.6
   Depths:2 |   22096 |   26303 |  54.3 |      27 |      42 |  60.9
   Depths:3 |   19442 |   37204 |  65.7 |      38 |      64 |  62.7
   Depths:4 |   18417 |   17029 |  48.0 |      26 |      21 |  44.7
   Depths:5 |     494 |   77519 |  99.4 |       1 |      87 |  98.9
      Zot:1 |   25253 |   20981 |  45.4 |      22 |      17 |  43.6
      Zot:2 |   61224 |       0 |   0.0 |      55 |       0 |   0.0
      Zot:3 |   32380 |   36435 |  52.9 |      25 |      30 |  54.5
      Zot:4 |   33889 |   61006 |  64.3 |      25 |      13 |  34.2
      Zot:5 |   26384 |   85000 |  76.3 |      18 |      28 |  60.9
    Abyss:3 |   34094 |    3070 |   8.3 |      65 |       2 |   3.0
     Bailey |       0 |    1151 | 100.0 |       0 |      30 | 100.0
    Volcano |       0 |    6807 | 100.0 |       0 |      11 | 100.0
            +---------+---------+-------+---------+---------+-------
